 Dungeon Crawl Stone Soup version 0.29.1-12-g30fa7ad0bf (webtiles) character file.

Game seed: 10818456065409816039

473 sillycutie the Cleaver (level 6, -4/79 HPs)
             Began as a Minotaur Berserker on Jan 9, 2023.
             Was a Priest of Trog.
             Killed by divine providence
             ... invoked by an orc priest
              (15 damage)
             ... on level 4 of the Dungeon.
             The game lasted 00:26:17 (3153 turns).

sillycutie the Cleaver (Minotaur Berserker)         Turns: 3153, Time: 00:26:17

Health: -4/79      AC: 12    Str: 23    XL:     6   Next: 84%
Magic:  5/5        EV:  8    Int:  4    God:    Trog [***...]
Gold:   170        SH:  0    Dex: 10    Spells: 5/5 levels left

rFire   . . .      SeeInvis .   q - +0 war axe
rCold   . . .      Faith    .   (no shield)
rNeg    . . .      Spirit   .   j - +0 chain mail
rPois   +          Reflect  .   (helmet restricted)
rElec   .          Harm     .   (no cloak)
rCorr   .          Rampage  +   h - +0 pair of gloves
Will    .....                   o - +1 pair of boots of the Desert {Rampage rPois}
Stlth   ..........              (no amulet)
HPRegen 0.23/turn               (no ring)
MPRegen 0.09/turn               (no ring)

@: berserking, very quick
A: horns 2, retaliatory headbutt
a: Renounce Religion, Berserk, Trog's Hand


You were on level 4 of the Dungeon.
You worshipped Trog.
Trog was most pleased with you.
You visited 1 branch of the dungeon, and saw 4 of its levels.

You collected 170 gold pieces.

Inventory:

Hand Weapons
 q - a +0 war axe (weapon)
Armour
 h - a +0 pair of gloves (worn)
 j - a +0 chain mail (worn)
 o - the +1 pair of boots of the Desert (worn) {Rampage rPois}
   (You found it on level 3 of the Dungeon)

   rPois:     It protects you from poison.
   Rampage:   It bestows one free step when moving towards enemies.
Wands
 n - a wand of digging (7)
Scrolls
 b - a scroll of fear {unknown}
 f - a scroll of enchant weapon {unknown}
 g - a scroll of fog {unknown}
 i - 2 scrolls of noise {unknown}
 k - 2 scrolls of identify {unknown}
 l - 2 scrolls of blinking {unknown}
 p - a scroll of teleportation {unknown}
Potions
 c - a potion of haste
 d - 2 potions of curing
 e - 2 potions of heal wounds {unknown}
 m - a potion of might {unknown}


   Skills:
 - Level 4.7 Fighting
 + Level 8.2 Axes
 - Level 3.0 Armour
 - Level 3.1 Dodging
 - Level 0.4 Stealth


You had 5 spell levels left.
You didn't know any spells.
Your spell library was empty.

Dungeon Overview and Level Annotations

Branches:
Dungeon (4/15)
 Temple: D:4-7

Altars:
Kikubaaqudgha

Shops:
D:4 (


Innate Abilities, Weirdness & Mutations

You have a pair of horns on your head.
You reflexively headbutt those who attack you in melee.


Message History

Things that are here:
a +0 war axe; an orc corpse; the felid corpse of Natasha
q - a +0 war axe
q - a +0 war axe (weapon)
You drop a +0 hand axe.
You feel yourself speed up.
You recover from your berserk rage.
HP restored.
Found a dagger.
An orc priest comes into view. It is wielding a +0 whip.
The orc priest shouts!
The orc priest calls down the wrath of Beogh upon you.
Beogh smites you!
An orc comes into view. It is wielding a +0 dagger of venom.
The orc priest looks braver for a moment.
You hear a shout!
The orc priest calls down the wrath of Beogh upon you.
Beogh smites you!
The orc priest calls down the wrath of Beogh upon you.
Beogh smites you!
The orc priest invokes the aid of Beogh against you.
Beogh smites you!
* * * LOW HITPOINT WARNING * * *
An orc wizard comes into view. It is wielding a +0 dagger.
The orc wizard shouts!
You are too injured to fight recklessly!
You are too injured to fight recklessly!
A red film seems to cover your vision as you go berserk!
You feel yourself moving faster!
You feel mighty!
You are too injured to fight recklessly!
You are too injured to fight recklessly!
You are too injured to fight recklessly!
You are too berserk!
Okay, then.
You are too berserk!
You are too berserk!
You rampage towards the orc priest!
You barely miss the orc priest.
The orc priest invokes the aid of Beogh against you.
Beogh smites you!
You die...

##...........
##.......##
##.....##
##...##
#...## #..##
##.## #.##
#@# #o# o##
#. #o ?# . ..


You could see an orc priest, an orc wizard and an orc.

Vanquished Creatures
  A black bear (D:4)
  A scorpion (D:4)
  A howler monkey (D:4)
  An orc priest (D:3)
  A hound (D:4)
  2 orc wizards (D:4)
  Ijyb (D:3)
  Natasha (D:4)
  4 adders
  A worm (D:2)
  7 orcs
  4 ball pythons
  3 endoplasms (D:3)
  4 giant cockroaches
  2 goblins
  8 hobgoblins
  8 jackals
  7 kobolds
  3 quokkas
  11 bats
  A frilled lizard (D:3)
  7 rats
79 creatures vanquished.

Notes
Turn   | Place    | Note
-------+----------+-------------------------------------------
     0 | D:1      | sillycutie the Minotaur Berserker began the quest for the
                  | Orb.
     0 | D:1      | Reached XP level 1. HP: 19/19 MP: 0/0
   303 | D:1      | Found a faded altar of an unknown god.
   384 | D:1      | Reached skill level 4 in Axes
   384 | D:1      | Reached XP level 2. HP: 27/27 MP: 1/1
   964 | D:1      | Found an ancient bone altar of Kikubaaqudgha.
  1164 | D:2      | Reached XP level 3. HP: 30/33 MP: 2/2
  1308 | D:2      | Reached ** piety under Trog
  2107 | D:3      | Reached XP level 4. HP: 41/41 MP: 3/3
  2129 | D:3      | Noticed Ijyb
  2139 | D:3      | Killed Ijyb
  2183 | D:3      | Identified the +1 pair of boots of the Desert {Rampage
                  | rPois}
  2220 | D:3      | Reached skill level 5 in Axes
  2355 | D:3      | Reached XP level 5. HP: 47/47 MP: 4/4
  2809 | D:4      | Reached skill level 6 in Axes
  2824 | D:4      | Reached XP level 6. HP: 52/53 MP: 5/5
  2882 | D:4      | Reached skill level 7 in Axes
  2884 | D:4      | Found Yheelig's Weapon Boutique.
  3021 | D:4      | Reached *** piety under Trog
  3030 | D:4      | Noticed Natasha
  3039 | D:4      | Killed Natasha
  3046 | D:4      | Reached skill level 8 in Axes
  3153 | D:4      | Killed from afar by an orc priest

Illustrated notes

Levels and vault maps discovered:
D:1:      dpeg_arrival_lava_altar, layout_basic, basic_ecumenical_altar
D:2:      layout_basic
D:3:      layout_rooms, minmay_quantized, uniq_ijyb
D:4:      layout_cave_pods, vehumet_statue, serial_shops,
          nicolae_inconvenience_store, uniq_natasha

Skill      XL: |  1  2  3  4  5  6 |
---------------+-------------------+-----
Axes           | 4 5 6 8 |  8.2
Fighting       | 4 |  4.7
Dodging        | 3 |  3.1
Armour         | 3 |  3.0
Stealth        | |  0.4

Action                   |  1- 3 |  4- 6 || total
-------------------------+-------+-------++-------
Melee: Hand axe          |    99 |   102 ||   201
       Headbutt          |    13 |    11 ||    24
       Punch             |     1 |       ||     1
       War axe           |       |     1 ||     1
Invok: Berserk           |       |     5 ||     5
  Use: Potion            |     1 |       ||     1
Armor: Animal skin       |     3 |       ||     3
       Leather armour    |    12 |       ||    12
       Chain mail        |    28 |    64 ||    92
Dodge: Dodged            |    51 |    40 ||    91
